 Dungeon Crawl Stone Soup version 0.27.1 (webtiles) character file.

Game seed: 16667313275522729943

168 MajorAdolf the Twirler (level 5, -3/49 HPs)
             Began as a Naga Wanderer on Aug 24, 2021.
             Slain by an orc (4 damage)
             ... on level 4 of the Dungeon.
             The game lasted 00:04:36 (4633 turns).

MajorAdolf the Twirler (Naga Wanderer)              Turns: 4633, Time: 00:04:36

Health: -3/49      AC:  6    Str: 17    XL:     5   Next: 48%
Magic:  0/8        EV:  8    Int: 14    God:
Gold:   130        SH:  0    Dex:  7    Spells: 7/8 levels left

rFire    . . .     SeeInvis +   a - +2 quarterstaff
rCold    . . .     Faith    .   (shield currently unavailable)
rNeg     . . .     Spirit   +   n - +0 ring mail
rPois    +         Reflect  .   m - +0 helmet
rElec    .         Harm     .   (no cloak)
rCorr    .         Rampage  .   i - +0 pair of gloves
Will     .....                  (no barding)
Stlth    ..........             l - amulet of guardian spirit
HPRegen  0.16/turn              (no ring)
MPRegen  0.11/turn              (no ring)

@: short of breath, very slow
A: AC +1, large, see invisible, deformed body, poison resistance, slowness 2,
spit poison 1, naga tail 1
a: Spit Poison


You were on level 4 of the Dungeon.
You visited 1 branch of the dungeon, and saw 4 of its levels.

You collected 130 gold pieces.

Inventory:

Hand Weapons
 a - a +2 quarterstaff (weapon)
 b - a +0 falchion
 e - a +3 short sword
 o - a +2 short sword of protection
Armour
 i - a +0 pair of gloves (worn)
 m - a +0 helmet (worn)
 n - a +0 ring mail (worn)
Jewellery
 l - an amulet of guardian spirit (around neck)
Scrolls
 d - 5 scrolls of identify {unknown}
 f - a scroll of immolation {unknown}
 g - a scroll of amnesia {unknown}
 h - a scroll of fog {unknown}
 j - a scroll of enchant weapon {unknown}
 p - a scroll of blinking {unknown}
 q - a scroll of torment {unknown}
 s - a scroll of teleportation {unknown}
 t - a scroll of silence {unknown}
Potions
 c - a potion of ambrosia {unknown}
 k - 3 potions of curing {unknown}
 r - a potion of invisibility {unknown}


   Skills:
 + Level 3.6 Fighting
 + Level 3.6 Staves
 - Level 1.0 Throwing
 + Level 1.2 Armour
 + Level 1.6 Dodging
 - Level 2.0 Spellcasting
 - Level 1.0 Air Magic
 - Level 1.0 Evocations


You had 7 spell levels left.
You knew the following spells:

 Your Spells              Type           Power      Damage    Failure   Level
a - Animate Skeleton      Necr           2%         N/A       41%         1

Your spell library contained the following spells:

 Spells                   Type           Power      Damage    Failure   Level
 Vampiric Draining        Necr           0%         2d6       78%         3


Dungeon Overview and Level Annotations

Branches:
Dungeon (4/15)
 Temple: D:4-7

Altars:

Shops:
D:2 [


Innate Abilities, Weirdness & Mutations

Your serpentine skin is tough. (AC +1)
You have supernaturally acute eyesight. (SInv)
Armour fits poorly on your strangely shaped body.
Your system is resistant to poisons. (rPois)
You cover ground very slowly.
You can spit poison.
You have a snake-like lower body.


Message History

The orc hits you but does no damage. The orc barely misses you.
Unknown command.
You hit the orc.
The orc is lightly wounded.
The orc hits you with a +0 hand axe. The orc hits you but does no damage.
You hit the orc.
The orc is severely wounded.
The orc hits you with a +0 hand axe. The orc hits you but does no damage.
Unknown command.
You hit the orc.
You kill the orc!
The orc barely misses you.
You closely miss the orc.
You have got your breath back.
The orc hits you with a +0 mace.
You hit the orc.
The orc is moderately wounded.
The orc barely misses you. The orc hits you with a +0 morningstar!
You barely miss the orc.
The orc is moderately wounded.
The orc hits you with a +0 mace. The orc barely misses you.
The orc hits you with a +0 mace.
You are too injured to fight recklessly!
You are too injured to fight recklessly!
Unknown command.
You closely miss the orc. The orc hits you with a +0 morningstar!
* * * LOW HITPOINT WARNING * * *
The orc hits you but does no damage.
You barely miss the orc. The orc hits you with a +0 morningstar.
* * * LOW HITPOINT WARNING * * *
The orc hits you with a +0 mace.
* * * LOW HITPOINT WARNING * * *
The orc hits you with a +0 morningstar!
* * * LOW HITPOINT WARNING * * *
Unknown command.
Unknown command.
Press: ? - help, Shift-Dir - straight line, f - orc
Aim: an orc, wielding a +0 morningstar The splash of poison misses the orc.
The orc hits you with a +0 mace.
You die...

#.... #.... .#.... ###
.##..# #######.#
.##..###.......######
...............#....##
............(........#
.....................#
##...##.......##@)..##
##...##.......##oo..#
.>............##....#
..............#.....#
..............#.....#
..............#.....#
........... #.....#
####+###### ##....# #
####'#


You could see 2 orcs.

Vanquished Creatures
  An orc priest (D:3)
  An iguana (D:4)
  4 adders
  3 dart slugs
  6 orcs
  5 ball pythons
  8 endoplasms
  12 giant cockroaches
  2 goblins
  3 hobgoblins (D:3)
  3 jackals (D:1)
  2 quokkas
  2 bats
  3 frilled lizards
  5 kobolds
  A rat (D:1)
61 creatures vanquished.

Notes
Turn   | Place    | Note
-------+----------+-------------------------------------------
     0 | D:1      | MajorAdolf the Naga Wanderer began the quest for the Orb.
     0 | D:1      | MajorAdolf set off with the following items: a +2
                  | quarterstaff, a +0 falchion, a +0 robe; and the following
                  | spell memorised: Animate Skeleton; and the following spells
                  | available to memorise: Vampiric Draining
     0 | D:1      | Reached XP level 1. HP: 19/19 MP: 3/3
   149 | D:1      | Reached XP level 2. HP: 9/26 MP: 5/5
   737 | D:1      | You fall into a shaft and drop 1 floor!
   930 | D:2      | Reached XP level 3. HP: 31/33 MP: 6/6
   950 | D:2      | Found Garu Sauva's Armour Shoppe.
  3523 | D:3      | Reached XP level 4. HP: 24/42 MP: 5/7
  4131 | D:3      | Reached skill level 1 in Armour
  4131 | D:3      | Reached XP level 5. HP: 38/49 MP: 5/8
  4228 | D:3      | Found a faded altar of an unknown god.
  4632 | D:4      | HP: 1/49 [orc (7)]
  4633 | D:4      | Slain by an orc

Illustrated notes

Levels and vault maps discovered:
D:1:      amcnicky_arrival_single_pillar, layout_basic
D:2:      layout_loops_ring, serial_shops, shop, minmay_pentomino_o4
D:3:      minmay_roachtagon, layout_basic, basic_ecumenical_altar
D:4:      layout_gridville, mainiacjoe_overflow_boulevard, uniq_sigmund

Skill      XL: |  1  2  3  4 |
---------------+-------------+-----
Staves         | 3 |  3.6
Fighting       | 3 |  3.6
Armour         | 1 |  1.2
Throwing       | |  1.0
Dodging        | |  1.6
Spellcasting   | |  2.0
Air Magic      | |  1.0
Evocations     | |  1.0

Action                   |  1- 3 |  4- 6 || total
-------------------------+-------+-------++-------
Melee: Quarterstaff      |    94 |    79 ||   173
 Cast: Animate Skeleton  |       |     2 ||     2
 Abil: Spit Poison       |     3 |     4 ||     7
Armor: Robe              |    11 |       ||    11
       Ring mail         |     7 |    43 ||    50
Dodge: Dodged            |    54 |    38 ||    92
